 Dungeon Crawl Stone Soup version 0.27-a0-1272-g7c8ad2e407 (webtiles) character file.

Game seed: 647072853210762531

35296 Kinoniko the Brawler (level 13, -4/137 HPs)
             Began as a Troll Berserker on June 11, 2021.
             Was a High Priest of Trog.
             Slain by an elephant (13 damage)
             ... on level 4 of the Lair of Beasts.
             The game lasted 00:15:38 (11700 turns).

Kinoniko the Brawler (Troll Berserker)             Turns: 11700, Time: 00:15:39

Health: -4/137     AC:  5    Str: 28    XL:     13   Next: 46%
Magic:  0/21       EV:  9    Int:  7    God:    Trog [*****.]
Gold:   858        SH:  0    Dex:  9    Spells: 12/12 levels left

rFire    . . .     SeeInvis .     - Unarmed
rCold    . . .     Faith    .   (no shield)
rNeg     . . .     Spirit   +   G - +2 acid dragon scales
rPois    +         Reflect  .   (helmet restricted)
rElec    .         Harm     .   u - +2 cloak
rCorr    +         Rampage  .   (gloves unavailable)
Will     .....                  (boots unavailable)
Stlth    +.........             k - amulet of guardian spirit
HPRegen  1.32/turn              h - ring "Amuam" {MP+9 Slay+3}
MPRegen  0.17/turn              y - ring of poison resistance

@: corroded, on berserk cooldown, hasted and slowed
A: large, unfitting armour, claws 3, regeneration 1, shaggy fur 1, tough skin 1
a: Renounce Religion, Berserk, Trog's Hand, Brothers in Arms


You were on level 4 of the Lair of Beasts.
You worshipped Trog.
Trog was extremely pleased with you.
You visited 2 branches of the dungeon, and saw 14 of its levels.
You also visited: Sewer.

You collected 858 gold pieces.

Inventory:

Hand Weapons
 H - a +0 flail
Missiles
 A - a curare-tipped dart
Armour
 a - a +0 animal skin
 u - a +2 cloak (worn)
 G - +2 acid dragon scales (worn)
Jewellery
 c - a +6 ring of intelligence
 e - a +6 ring of dexterity
 h - the ring "Amuam" (left claw) {MP+9 Slay+3}
   (You acquired it on level 1 of the Dungeon)

   [ring of magical power]

   It affects your accuracy and damage with ranged weapons and melee attacks
   (+3).
   It affects your magic capacity (+9).
 j - a ring of resist corrosion
 k - an amulet of guardian spirit (around neck)
 t - a ring of protection from cold
 w - an amulet of the acrobat
 y - a ring of poison resistance (right claw)
 K - a +6 ring of dexterity
 L - a ring of ice
 N - an amulet of faith
Wands
 l - a wand of acid (10)
 n - a wand of paralysis (9)
 J - a wand of polymorph (3)
 M - a wand of digging (2)
Scrolls
 d - 5 scrolls of amnesia
 i - 9 scrolls of teleportation
 m - a scroll of blinking
 v - 3 scrolls of fear
 B - a scroll of holy word
 C - 2 scrolls of enchant weapon
 E - a scroll of magic mapping
 I - a scroll of immolation
Potions
 b - 2 potions of haste
 f - a potion of flight {unknown}
 g - 4 potions of lignification
 o - a potion of mutation {unknown}
 p - 3 potions of berserk rage
 q - 4 potions of curing {unknown}
 r - 4 potions of degeneration {unknown}
 s - a potion of brilliance {unknown}
 x - 2 potions of heal wounds {unknown}
 z - a potion of might {unknown}
 D - 2 potions of attraction {unknown}


   Skills:
 + Level 11.0 Fighting
 + Level 4.8 Maces & Flails
 - Level 2.4 Dodging
 * Level 17.8 Unarmed Combat


You had 12 spell levels left.
You didn't know any spells.
Your spell library contained the following spells:

 Spells                   Type           Power      Damage    Failure   Level
 Magic Dart               Conj           0%         1d3       50%         1
 Swiftness                Air            0%         N/A       86%         3
 Dispel Undead            Necr           0%         3d6       99%         4
 Summon Lightning Spire   Summ/Air       0%         N/A       99%         4
 Agony                    Necr           0%         N/A       100%        5
 Borgnjor's Vile Clutch   Necr/Erth      0%         N/A       100%        5
 Iskenderun's Battlesphe  Conj           0%         2d6       100%        5
 Death Channel            Necr           0%         N/A       100%        6
 Spellforged Servitor     Conj/Summ      0%         N/A       100%        7


Dungeon Overview and Level Annotations

Branches:
Dungeon (10/15)            Temple (0/1) D:7            Lair (4/6) D:10
 Shoals (0/4) Lair:3        Snake (0/4) Lair:3          Orc (0/2) D:9
  Sewer (visited)

Altars:
Ashenzari
Cheibriados
Fedhas
Gozag
Kikubaaqudgha
Qazlal
Sif Muna
Trog
Uskayaw
Wu Jian
Xom
The Shining One

Annotations:
D:10 3 runed translucent doors, Delamore's ghost, novice FoHu
Lair:4 exclusion: oklob plant


Innate Abilities, Weirdness & Mutations

You are too large for most types of armour.
You have claws for hands.
Your natural rate of healing is unusually fast.
You are covered in fur. (AC +1)
You have tough skin. (AC +1)


Message History

The water moccasin bites you. The elephant tramples you!
You hold your ground!
The elephant closely misses you. The elephant tramples you!
You hold your ground!
The elephant trunk-slaps you but does no damage.
The water moccasin bites you but does no damage.
As you read the scroll of summoning, it crumbles to dust.
Wisps of shadow whirl around you... The water moccasin closely misses you.
The komodo dragon closely misses you. The elephant completely misses you.
The elephant trunk-slaps you but does no damage.
The elephant tramples you!
You hold your ground!
The elephant misses you.
The water moccasin bites you but does no damage.
The komodo dragon bites you but does no damage.
Your iron troll goes berserk!
The elephant tramples you but does no damage.
The elephant trunk-slaps you. The water moccasin closely misses you.
Your water moccasin closely misses the komodo dragon.
The elephant tramples you.
You hold your ground!
The elephant closely misses you. The komodo dragon bites you!
* * * LOW HITPOINT WARNING * * *
The elephant tramples you.
* * * LOW HITPOINT WARNING * * *
You hold your ground!
The elephant closely misses you. The water moccasin bites you!
* * * LOW HITPOINT WARNING * * *
The elephant tramples you!
* * * LOW HITPOINT WARNING * * *
You hold your ground!
The elephant trunk-slaps you.
* * * LOW HITPOINT WARNING * * *
Your water moccasin bites the komodo dragon but does no damage.
Unknown command.
Unknown command.
Unknown command.
Unknown command.
It was a potion of haste.
You feel yourself speed up. The water moccasin bites you!
* * * LOW HITPOINT WARNING * * *
Your water moccasin bites the komodo dragon.
The komodo dragon bites you but does no damage.
The elephant barely misses you. x2; The elephant tramples you!
You die...

#..............≈≈#≈≈.#♣♣.♣♣
#..............§≈≈#≈.# ♣♣.♣
##..†..........§≈§≈≈.#♣♣♣♣.
###..#..#.......§...#.....
#P..####P..P.......#♣♣♣♣.
##PP..####..#.......# ♣♣.♣
#.......##..P.......#♣♣.♣♣
#≈.≈.≈.≈##.T........#♣.♣♣
..≈.≈.≈.≈S≈@Y##.......#.♣♣
....≈._._.≈lSY##.......#♣.♣♣
#..≈.≈.≈.≈.≈.#Y#.#.....#♣♣.♣
#.##≈.≈.≈.≈##..........###∩##
#. #.......#...........##...#
##P.................#<....
#...###............#....>
P..P.####..........#<....
...................##...#


You could see 3 elephants, a komodo dragon (ally target), a water moccasin, a
friendly iron troll (summoned, berserk) and a friendly water moccasin
(summoned).

Vanquished Creatures
  2 hydras
  Erolcha (D:10)
  3 two-headed ogres
  A centaur warrior (D:8)
  A boulder beetle (Lair:4)
  3 death yaks (Lair:3)
  Pikel (D:5)
  2 elephants (Lair:4)
  3 oklob plants (Lair:1)
  5 black mambas
  A torpor snail (Lair:4)
  4 cane toads
  A rime drake (Lair:4)
  A kobold demonologist (D:10)
  4 komodo dragons
  A troll (D:10)
  8 blink frogs
  A shadow (D:9)
  Sigmund (D:2)
  2 wraiths
  Eustachio (D:4)
  67 yaks
  A basilisk (Lair:3)
  A steam dragon (D:6)
  17 water moccasins
  A black bear (Lair:3)
  5 orc warriors
  3 sky beasts
  A necrophage (D:6)
  3 ogres
  15 wolves
  4 centaurs
  2 lemures (D:5)
  3 phantoms
  2 kobold brigands
  Blork the orc (D:5)
  2 scorpions
  8 bullfrogs
  10 killer bees
  11 wights
  4 electric eels (D:10)
  2 bullfrog zombies (D:6)
  2 centaur zombies
  Crazy Yiuf (D:5)
  4 hounds
  10 jellies
  A centaur skeleton (D:7)
  2 gnoll shamans
  An orc priest (D:5)
  Jessica (D:2)
  An iguana (D:5)
  13 orc wizards
  2 hound skeletons (D:4)
  11 gnolls
  4 adders
  A white imp (D:7)
  An ufetubus (D:5)
  2 worms (D:3)
  2 dart slugs
  33 orcs
  9 ball pythons
  17 endoplasms
  A giant cockroach (D:2)
  3 hobgoblins (D:1)
  11 jackals
  14 kobolds
  2 quokkas
  13 bats
  2 frilled lizards (D:2)
  3 goblins
  7 rats
384 creatures vanquished.

Vanquished Creatures (collateral kills)
  3 hydras
  A water moccasin (Lair:3)
4 creatures vanquished.

Vanquished Creatures (others)
  A human (D:6)
  15 fungi
  27 plants
43 creatures vanquished.

Grand Total: 431 creatures vanquished

Notes
Turn   | Place    | Note
-------+----------+-------------------------------------------
     0 | D:1      | Kinoniko the Troll Berserker began the quest for the Orb.
     0 | D:1      | Reached XP level 1. HP: 22/22 MP: 0/0
   127 | D:1      | Reached XP level 2. HP: 29/29 MP: 1/1
   244 | D:1      | Reached skill level 4 in Unarmed Combat
   362 | D:1      | Identified a scroll of acquirement
   362 | D:1      | Acquired the ring "Amuam" {MP+9 Slay+3}
   465 | D:2      | Reached XP level 3. HP: 35/36 MP: 2/2
   476 | D:2      | Reached ** piety under Trog
   613 | D:2      | Noticed Sigmund
   625 | D:2      | Killed Sigmund
   626 | D:2      | Reached skill level 6 in Unarmed Combat
   626 | D:2      | Reached XP level 4. HP: 44/44 MP: 3/3
   626 | D:2      | Reached XP level 5. HP: 50/50 MP: 4/4
   707 | D:2      | Noticed Jessica
   711 | D:2      | Killed Jessica
   986 | D:3      | Reached XP level 6. HP: 59/59 MP: 5/5
  1410 | D:3      | Found a glowing drain.
  1434 | Sewer    | Entered a sewer
  1441 | Sewer    | Reached *** piety under Trog
  1461 | Sewer    | Noticed a water moccasin
  1465 | Sewer    | Killed a water moccasin
  1466 | Sewer    | Reached skill level 7 in Unarmed Combat
  1744 | D:3      | Found a blossoming altar of Fedhas.
  1920 | D:4      | Found an opulent altar of Gozag.
  2050 | D:4      | Reached XP level 7. HP: 67/67 MP: 6/6
  2102 | D:4      | Noticed Eustachio
  2108 | D:4      | Killed Eustachio
  2109 | D:4      | Reached skill level 8 in Unarmed Combat
  2234 | D:4      | Noticed a yak
  2234 | D:4      | Noticed a yak
  2234 | D:4      | Noticed a yak
  2234 | D:4      | Noticed a yak
  2236 | D:4      | Noticed a yak
  2241 | D:4      | Killed a yak
  2243 | D:4      | Killed a yak
  2250 | D:4      | Killed a yak
  2251 | D:4      | Reached skill level 9 in Unarmed Combat
  2251 | D:4      | Reached XP level 8. HP: 56/78 MP: 7/7
  2792 | D:5      | Entered Level 5 of the Dungeon
  2810 | D:5      | Found a runed translucent door.
  2831 | D:5      | Noticed Blork the orc
  2848 | D:5      | Reached skill level 5 in Fighting
  2848 | D:5      | Reached skill level 10 in Unarmed Combat
  2920 | D:5      | Identified the +0 flail "Newtslayer" {holy, rElec rPois
                  | Will+ Int+3}
  3010 | D:5      | Killed Blork the orc
  3075 | D:5      | Reached XP level 9. HP: 80/88 MP: 8/8
  3084 | D:5      | Reached skill level 11 in Unarmed Combat
  3439 | D:5      | Noticed Pikel
  3454 | D:5      | Killed Pikel
  3467 | D:5      | Reached **** piety under Trog
  3535 | D:5      | Found a shimmering altar of Xom.
  3660 | D:5      | Noticed Crazy Yiuf
  3837 | D:5      | Killed Crazy Yiuf
  3994 | D:6      | Reached skill level 12 in Unarmed Combat
  4124 | D:6      | Found a broken altar of Ashenzari.
  4273 | D:6      | Found an ancient bone altar of Kikubaaqudgha.
  4361 | D:6      | Reached XP level 10. HP: 100/100 MP: 9/9
  4415 | D:6      | Found a glowing golden altar of the Shining One.
  4864 | D:7      | Found a snail-covered altar of Cheibriados.
  5037 | D:7      | Found a staircase to the Ecumenical Temple.
  5352 | D:8      | Reached skill level 13 in Unarmed Combat
  5760 | D:8      | Found a shimmering blue altar of Sif Muna.
  5798 | D:8      | Noticed a centaur warrior
  5803 | D:8      | Killed a centaur warrior
  5855 | D:8      | Identified the Tome of Combat Magic and Weightlessness
  5903 | D:8      | Found a bloodstained altar of Trog.
  6072 | D:8      | Found a hide-covered altar of Uskayaw.
  6186 | D:9      | Reached ***** piety under Trog
  6256 | D:9      | Noticed a two-headed ogre
  6261 | D:9      | Killed a two-headed ogre
  6280 | D:9      | Reached skill level 14 in Unarmed Combat
  6286 | D:9      | Reached XP level 11. HP: 46/111 MP: 10/10
  6341 | D:9      | Noticed a five-headed hydra
  6349 | D:9      | Killed an eight-headed hydra
  6710 | D:9      | Found a staircase to the Orcish Mines.
  6942 | D:9      | Found a stormy altar of Qazlal.
  7414 | D:10     | Entered Level 10 of the Dungeon
  7481 | D:10     | Found a runed translucent gate.
  7498 | D:10     | Found a runed translucent gate.
  7498 | D:10     | Noticed Delamore's ghost (novice FoHu)
  7498 | D:10     | Noticed an 11-headed hydra
  7499 | D:10     | Found a runed translucent gate.
  7501 | D:10     | Identified the +5 long sword of Obagoraf {flame, rC+}
  7584 | D:10     | Noticed a two-headed ogre
  7595 | D:10     | Killed a two-headed ogre
  7595 | D:10     | Noticed a two-headed ogre
  7604 | D:10     | Reached skill level 15 in Unarmed Combat
  7605 | D:10     | Noticed Erolcha
  7613 | D:10     | Killed a two-headed ogre
  7626 | D:10     | Killed Erolcha
  7626 | D:10     | Received a gift from Trog
  7713 | D:10     | Found a staircase to the Lair.
  8137 | Lair:1   | Entered Level 1 of the Lair of Beasts
  8244 | Lair:1   | Noticed an oklob plant
  8245 | Lair:1   | Noticed an oklob plant
  8258 | Lair:1   | Killed an oklob plant
  8263 | Lair:1   | Killed an oklob plant
  8319 | Lair:1   | Reached XP level 12. HP: 124/124 MP: 11/11
  8430 | Lair:1   | Reached skill level 16 in Unarmed Combat
  8796 | Lair:1   | Reached skill level 10 in Fighting
  8932 | Lair:1   | Identified the +0 helmet of Miracles {Int+9 Dex+2}
  9384 | Lair:2   | Reached skill level 1 in Maces & Flails
  9524 | Lair:2   | Noticed a four-headed hydra
  9529 | Lair:2   | Killed a five-headed hydra
  9638 | Lair:2   | Reached skill level 17 in Unarmed Combat
 10254 | Lair:3   | Noticed a seven-headed hydra
 10258 | Lair:3   | Killed an eight-headed hydra
 10263 | Lair:3   | Found a staircase to the Shoals.
 10308 | Lair:3   | Noticed a death yak
 10310 | Lair:3   | Noticed a death yak
 10313 | Lair:3   | Noticed a death yak
 10322 | Lair:3   | Killed a death yak
 10323 | Lair:3   | Reached XP level 13. HP: 135/135 MP: 12/12
 10460 | Lair:3   | Found a staircase to the Snake Pit.
 11160 | Lair:4   | Identified Kigawa's Guide on Sinister Rituals
 11637 | Lair:4   | Found an ornate altar of the Wu Jian Council.
 11637 | Lair:4   | Found a hide-covered altar of Uskayaw.
 11682 | Lair:4   | Received a gift from Trog
 11700 | Lair:4   | Slain by an elephant

Illustrated notes

Levels and vault maps discovered:
D:1:      shiori_arrival_maze, layout_basic
D:2:      layout_rooms, chequers_serial_rivers_room_b, uniq_jessica,
          uniq_sigmund
D:3:      layout_loops_ring, fedhas_altar_fruit_tree,
          cheibrodos_sewer_entry_bend, minmay_vboxes
D:4:      layout_loops_cross, lemuel_crystal_altar, minmay_stone_trees_small,
          uniq_eustachio
D:5:      layout_loops_cross, kennysheep_mini_moat, chequers_big_river,
          uniq_blork_the_orc, uniq_crazy_yiuf_cottage, uniq_pikel
D:6:      layout_rooms, old_standard_altar, tgw_kikubaaqudgha,
          lemuel_coloured_pillars_altar
D:7:      layout_gridville, cheibriados_altar_1, minmay_temple_entry_tees,
          chequers_avenue
D:8:      layout_cave_pools, lemuel_tele_altar, old_standard_altar,
          amcnicky_altar_gilded, kennysheep_just_a_vault
D:9:      layout_long_grid, overflow_temple_1_default, orc_0_dummy
D:10:     layout_roguey, erik_lair_island, gammafunk_ghost_hydra_chop,
          uniq_erolcha
Lair:1:   lemuel_slime, layout_regular_city, grunt_megastairs_1,
          infiniplex_staircase_pool, lemuel_fruit_tree,
          minmay_lair_oklob_chamber
Lair:2:   layout_gridlike, lemuel_fruit_fields
Lair:3:   layout_loops_ring, shoals_dummy_entry,
          minmay_snake_entry_six_corridors, chequers_serial_rivers_small_3,
          infiniplex_staircase_pool_2
Lair:4:   nzn_winding_woodlands_stair_trap [nzn_winding_woodlands_5x15_sawtooth,
          nzn_winding_woodlands_5x15_garden,
          nzn_winding_woodlands_5x15_split_checker,
          nzn_winding_woodlands_15x15_eel_pit, nzn_winding_woodlands_5x15_pool,
          nzn_winding_woodlands_5x15_eye, nzn_winding_woodlands_5x15_default],
          layout_gridlike, columned_hall_lemuel, minmay_lair_oklob_bushes,
          nzn_masters_of_martial_movement

Skill      XL: |  1  2  3  4  5  6  7  8  9 10 11 12 13 |
---------------+----------------------------------------+-----
Unarmed Combat | 4 6 7 9 10 12 14 15 17 | 17.8
Fighting       | 3 4 5 6 8 9 10 11 | 11.0
Maces & Flails | 3 4 |  4.8
Dodging        | |  2.4

Action                   |  1- 3 |  4- 6 |  7- 9 | 10-12 | 13-15 || total
-------------------------+-------+-------+-------+-------+-------++-------
Melee: Unarmed           |    50 |    80 |   154 |   520 |   112 ||   916
       Punch             |       |     1 |     2 |    29 |    11 ||    43
Invok: Berserk           |     1 |     3 |     8 |    24 |     4 ||    40
       Brothers in Arms  |       |       |       |     3 |     2 ||     5
       Trog's Hand       |       |       |       |     1 |       ||     1
  Use: Scroll            |     1 |       |    11 |     7 |     1 ||    20
       Potion            |       |       |       |     1 |     1 ||     2
 Stab: Sleeping          |     3 |     2 |     1 |       |       ||     6
Armor: Animal skin       |    25 |    37 |    34 |    71 |       ||   167
       Skin              |       |       |       |    18 |       ||    18
       Acid dragon scale |       |       |       |    31 |    51 ||    82
Dodge: Dodged            |    34 |    52 |    53 |   182 |    64 ||   385

Table legend: (Time is in decaauts)
 A = Elapsed time spent in this place.
 B = Non-inter-level travel time spent in this place.
 C = Inter-level travel time spent in this place.
 D = Time resting spent in this place.
 E = Time spent auto-exploring this place.
 F = Levels seen in this place.
 G = Mean time per level.
                   A        B        C        D        E       F      G
               +--------+--------+--------+--------+--------+-----+--------+
         Total |  11865 |  11486 |    379 |   2099 |   7663 |  15 |  791.0 |
       Dungeon |   8165 |   7891 |    274 |   1492 |   5254 |  10 |  816.5 |
          Lair |   3551 |   3446 |    105 |    567 |   2353 |   4 |  887.8 |
         Sewer |    149 |    149 |      0 |     40 |     55 |   1 |  149.0 |
               +--------+--------+--------+--------+--------+-----+--------+

Top non-repeatable levels by time:
     D:9: 1276 daAuts
  Lair:1: 1188 daAuts
     D:5: 1143 daAuts
  Lair:3: 911 daAuts
     D:4: 911 daAuts
     D:8: 854 daAuts
     D:3: 829 daAuts
  Lair:2: 825 daAuts
    D:10: 737 daAuts
     D:6: 727 daAuts
     D:7: 721 daAuts
  Lair:4: 626 daAuts
     D:2: 511 daAuts
     D:1: 452 daAuts
   Sewer: 149 daAuts
